 Dungeon Crawl Stone Soup version 0.26-b1-32-g5d43845318 (webtiles) character file.

Game seed: 14985299330445006275

523 Arthanis the Firebug (level 7, -2/36 HPs)
             Began as a Deep Elf Fire Elementalist on Jan 13, 2021.
             Hit by a boomerang thrown by an orc warrior (11 damage)
             ... on level 4 of the Dungeon.
             The game lasted 00:06:56 (5286 turns).

Arthanis the Firebug (Deep Elf Fire Elementalist)   Turns: 5286, Time: 00:06:57

Health: -2/36      AC:  3    Str:  5    XL:     7   Next: 2%
Magic:  3/17       EV: 13    Int: 22    God:
Gold:   187        SH:  0    Dex: 19    Spells: 4/17 levels left

rFire    . . .     SeeInvis .   v - +9 falchion of the Unseen Realm {drain, rPois Dex+4}
rCold    . . .     Faith    .   (no shield)
rNeg     . . .     Spirit   .   t - +0 robe (curse)
rPois    +         Reflect  .   (no helmet)
rElec    .         Harm     .   s - +0 cloak (curse)
rCorr    .         Rampage  .   (no gloves)
Will     .....                  (no boots)
Stlth    ++........             (no amulet)
HPRegen  0.12/turn              (no ring)
MPRegen  0.15/turn              (no ring)

@: no status effects
A: no striking features
a: no special abilities


You were on level 4 of the Dungeon.
You visited 2 branches of the dungeon, and saw 5 of its levels.

You collected 187 gold pieces.

Inventory:

Hand Weapons
 f - a +0 short sword
 q - a +1 dagger of electrocution
 v - the +9 falchion of the Unseen Realm (weapon) {drain, rPois Dex+4}
   (You found it on level 4 of the Dungeon)

   A truly terrible weapon, it drains the life of those it strikes.
   It affects your dexterity (+4).
   It protects you from poison.
Armour
 a - a +0 robe
 s - a cursed +0 cloak (worn)
 t - a cursed +0 robe (worn)
Wands
 r - a wand of acid (8)
Scrolls
 b - a scroll of blinking {unknown}
 c - 4 scrolls of teleportation {unknown}
 d - 5 scrolls of identify {unknown}
 e - a scroll of random uselessness {unknown}
 g - 3 scrolls of remove curse {unknown}
 i - 3 scrolls of fear {unknown}
 j - 2 scrolls of immolation {unknown}
 n - a scroll of enchant armour {unknown}
 o - 2 scrolls of enchant weapon {unknown}
 p - a scroll of amnesia {unknown}
 u - a scroll of fog {unknown}
Potions
 h - 5 potions of curing {unknown}
 k - a potion of ambrosia {unknown}
 l - a potion of lignification {unknown}
 m - a potion of brilliance {unknown}


   Skills:
 - Level 2.4 Dodging
 - Level 2.4 Stealth
 + Level 5.6 Spellcasting
 + Level 4.0 Conjurations
 * Level 6.6 Fire Magic


You had 4 spell levels left.
You knew the following spells:

 Your Spells              Type           Power        Failure   Level
a - Foxfire               Conj/Fire      100%         1%          1
b - Conjure Flame         Conj/Fire      29%          3%          3
c - Sticky Flame          Conj/Fire      29%          11%         4
d - Fireball              Conj/Fire      14%          28%         5

Your spell library contained the following spells:

 Spells                   Type           Power        Failure   Level
 Inner Flame              Hex/Fire       20%          8%          3


Dungeon Overview and Level Annotations

Branches:
Dungeon (4/15)             Temple (1/1) D:4

Altars:
Cheibriados
Elyvilon
Fedhas
Gozag
Hepliaklqana
Kikubaaqudgha
Nemelex Xobeh
Okawaru
Qazlal
Ru
Trog
Uskayaw
Wu Jian
Zin


Message History

The orc warrior is severely wounded.
The foxfire hits the orc warrior but does no damage.
The orc warrior is severely wounded.
Casting: Foxfire (safe; 1% risk of failure)
Confirm with . or Enter, or press ? or * to list all spells.
You conjure some foxfire!
The foxfire hits the orc warrior but does no damage.
The orc warrior is severely wounded.
The foxfire hits the orc warrior.
The orc warrior is almost dead.
The orc warrior throws a boomerang.
The boomerang hits you!!
Ouch! That really hurt!
* * * LOW HITPOINT WARNING * * *
The weapon returns to the orc warrior!
The foxfire hits the orc warrior but does no damage.
The orc warrior is almost dead.
The foxfire hits the orc warrior but does no damage.
The orc warrior is almost dead.
The orc warrior throws a boomerang.
The boomerang hits you!
You die...

..........#####.....# #.#.....
...###.....# #.....###.##.#.....
....#......####.....'...##.#.....
...........##.......#### #.#.....
...........##.......# ######
...........##.......######
...........##...§§........
...........##...§§..#####
...........####.@§.o....#
...........# #..§..####.#
...........# #....## #.#
####'####'## #....# #.#
#≈≈≈≈≈#..# #....< #'# #≈≈≈≈≈####
#####.. ... #≈≈≈≈≈# .. .....
#≈≈≈≈≈# ......o.. ####'###
........#


You could see an orc warrior.

Vanquished Creatures
  A hound (D:4)
  2 orc priests (D:3)
  6 orc wizards
  2 worker ants (D:4)
  4 gnolls (D:4)
  6 adders
  3 worms (D:2)
  A dart slug (D:4)
  5 leopard geckos
  16 orcs
  4 giant cockroaches (D:2)
  8 goblins
  9 hobgoblins
  8 jackals
  10 kobolds
  3 quokkas
  2 ball pythons (D:2)
  6 bats
  A frilled lizard (D:2)
  9 rats
106 creatures vanquished.

Vanquished Creatures (others)
  497 foxfires
497 creatures vanquished.

Grand Total: 603 creatures vanquished

Notes
Turn   | Place    | Note
-------+----------+-------------------------------------------
     0 | D:1      | Arthanis the Deep Elf Fire Elementalist began the quest for
                  | the Orb.
     0 | D:1      | Reached XP level 1. HP: 10/10 MP: 6/6
   432 | D:1      | Reached XP level 2. HP: 15/15 MP: 5/8
  1128 | D:2      | Reached skill level 4 in Fire Magic
  1128 | D:2      | Reached XP level 3. HP: 19/19 MP: 1/10
  1132 | D:2      | Learned a level 3 spell: Conjure Flame
  2012 | D:2      | Reached XP level 4. HP: 24/24 MP: 7/11
  2078 | D:2      | Learned a level 4 spell: Sticky Flame
  3212 | D:3      | Reached skill level 5 in Fire Magic
  3212 | D:3      | Reached XP level 5. HP: 28/28 MP: 6/13
  3377 | D:3      | Found a sacrificial altar of Ru.
  3427 | D:3      | Learned a level 5 spell: Fireball
  3485 | D:3      | Found a glowing silver altar of Zin.
  3640 | D:3      | Reached XP level 6. HP: 32/32 MP: 6/15
  3644 | D:3      | Reached skill level 5 in Spellcasting
  4004 | D:3      | Found an ornate altar of the Wu Jian Council.
  4505 | D:4      | Found an iron altar of Okawaru.
  4511 | D:4      | Got a jewelled falchion
  4512 | D:4      | Identified the +9 falchion of the Unseen Realm {drain,
                  | rPois Dex+4} (You found it on level 4 of the Dungeon)
  4527 | D:4      | Reached skill level 6 in Fire Magic
  4878 | D:4      | Noticed an orc warrior
  4902 | D:4      | Reached XP level 7. HP: 36/36 MP: 4/17
  5035 | D:4      | Found a staircase to the Ecumenical Temple.
  5044 | Temple   | Entered the Ecumenical Temple
  5286 | D:4      | Hit by a boomerang thrown by an orc warrior

Illustrated notes

Levels and vault maps discovered:
D:1:      nagdon_arrival_double_spiral, layout_loops_ring,
          hangedman_decor_lopped, minmay_box_of_dots
D:2:      layout_basic, serial_co_window_serial, co_window_paths_b,
          co_window_of_opportunity_a, co_window_cross_1,
          co_window_of_opportunity_a, co_window_of_opportunity_a,
          co_window_of_opportunity_b, co_window_of_opportunity_c,
          co_window_of_opportunity_c, co_window_of_opportunity_b,
          co_window_cross_3, glass_columns_b, glass_columns_a, glass_columns_a,
          glass_columns_b, minmay_pentomino_w4
D:3:      cheibrodos_pilgrimage, layout_loops_ring, marbit_many_paths,
          old_standard_altar, nzn_wu_jian_council_hall
D:4:      layout_basic, okawaru_ov_weapons_minmay,
          minmay_temple_entry_purple_smoke, chequers_serial_rivers_room_b
Temple:   dpeg_chambers_temple

Skill      XL: |  1  2  3  4  5  6 |
---------------+-------------------+-----
Fire Magic     | 4 5 6 |  6.6
Conjurations   | 2 3 4 |  4.0
Spellcasting   | 4 5 |  5.6
Dodging        | |  2.4
Stealth        | |  2.4

Action                   |  1- 3 |  4- 6 |  7- 9 || total
-------------------------+-------+-------+-------++-------
Melee: Unarmed           |     1 |       |       ||     1
       Short sword       |     6 |       |       ||     6
       Dagger            |       |     8 |       ||     8
 Cast: Foxfire           |   106 |   198 |    14 ||   318
       Conjure Flame     |       |       |     1 ||     1
Armor: Robe              |     6 |     4 |       ||    10
Dodge: Dodged            |    18 |    19 |     3 ||    40
       Rpst.: Falchion   |       |     3 |       ||     3
